cohdb
Replays
Latest Replays
All Replays
Popular Replays
Top Player Replays
Match Explorer
How It Works
Community
CoH3 Stats
Reddit
Sign in to upload your games and track your stats! →
Sign in with Steam
Match 43651258
Unlisted
Match 43651258
Overview
Messages
Build Orders
End
Engineer Squad
Construct Barracks
Selects Heavy Weapons
Riflemen Squad
Riflemen Squad
Riflemen Squad
Infantry Support Center
Construct Medical Station
Mortar Pit
M1918 Browning Automatic Rifles
Riflemen Squad
Grenade Package
Advanced Logistics
.30 cal Machine Gun
Riflemen Squad
Survival Training
Construct Weapon Support Center
Selects Assault Carriers
Selects Exchangeable Parts
Bazooka Squad
Bazooka Squad
Improved M9 Bazooka Rockets
Mortar Pit
Munitions Surplus
.30 cal Machine Gun
Bazooka Squad
Selects M26 Pershing Heavy Tank
M26 Pershing Heavy Tank
Engineer Squad
anioki
E连 914
国足和国狗都是畜生
疾如风
LarryLuxus
Ards
[PD] [9C] [FT] Claudius Tacitus
アトリ
0
0
Comments
sign in to comment!
No comments posted yet!